 Dungeon Crawl Stone Soup version 0.27.0-1-g7a08968 (webtiles) character file.

Game seed: 18123608338928273694

90 Sebic the Firebug (level 4, -2/34 HPs)
             Began as a Draconian Fire Elementalist on Sept 4, 2021.
             Killed by nerve-wracking pain
             ... invoked by a shadow imp
              (13 damage)
             ... on level 3 of the Dungeon.
             The game lasted 00:27:31 (2742 turns).

Sebic the Firebug (Draconian Fire Elementalist)     Turns: 2742, Time: 00:27:32

Health: -2/34      AC:  6    Str: 11    XL:     4   Next: 32%
Magic:  7/7        EV: 13    Int: 16    God:
Gold:   61         SH:  0    Dex: 17    Spells: 6/7 levels left

rFire    . . .     SeeInvis .   f - +0 short sword
rCold    . . .     Faith    .   (no shield)
rNeg     . . .     Spirit   .   (armour unavailable)
rPois    .         Reflect  .   (helmet restricted)
rElec    .         Harm     .   (no cloak)
rCorr    .         Rampage  .   B - +0 pair of gloves
Will     .....                  (no boots)
Stlth    ++........             l - amulet of magic regeneration
HPRegen  0.11/turn              c - +6 ring of dexterity
MPRegen  0.35/turn              (no ring)

@: no status effects
A: AC +5, unfitting armour, cold-blooded
a: no special abilities


You were on level 3 of the Dungeon.
You visited 1 branch of the dungeon, and saw 3 of its levels.

You collected 61 gold pieces.

Inventory:

Hand Weapons
 f - a +0 short sword (weapon)
 h - a +0 dagger
 m - a +0 club
 p - a +0 short sword
 s - a +0 short sword
Missiles
 e - 65 stones
 o - 26 bolts
 q - 54 sling bullets
 z - 52 arrows
Armour
 j - a +0 robe
 n - a +0 ring mail
 A - a +0 robe
 B - a +0 pair of gloves (worn)
Magical Staves
 w - a staff of death
Jewellery
 c - a +6 ring of dexterity (left hand)
 l - an amulet of magic regeneration (around neck)
Wands
 t - a wand of polymorph (7)
Scrolls
 a - 3 scrolls of identify {unknown}
 d - a scroll of enchant armour {unknown}
 g - 3 scrolls of teleportation {unknown}
 k - a scroll of vulnerability {unknown}
 r - a scroll of noise {unknown}
 v - a scroll of summoning {unknown}
 y - 2 scrolls of holy word {unknown}
Potions
 b - a potion of attraction {unknown}
 i - a potion of resistance {unknown}
 u - a potion of magic {unknown}
 x - 2 potions of heal wounds {unknown}


   Skills:
 + Level 0.9 Fighting
 + Level 2.3 Short Blades
 + Level 2.4 Dodging
 + Level 2.0 Stealth
 + Level 2.3 Spellcasting
 + Level 1.2 Conjurations
 + Level 3.2 Fire Magic


You had 6 spell levels left.
You knew the following spells:

 Your Spells              Type           Power      Damage    Failure   Level
a - Foxfire               Conj/Fire      36%        2x1d5     8%          1

Your spell library contained the following spells:

 Spells                   Type           Power      Damage    Failure   Level
 Conjure Flame            Conj/Fire      9%         6-21      24%         3
 Inner Flame              Hex/Fire       7%         N/A       30%         3
 Sticky Flame             Conj/Fire      9%         2d3       61%         4
 Fireball                 Conj/Fire      4%         3d4       91%         5


Dungeon Overview and Level Annotations

Branches:
Dungeon (3/15)

Altars:

Shops:
D:2 *


Innate Abilities, Weirdness & Mutations

Your plain brown scales are hard. (AC +5)
You cannot fit into any form of body armour.
You are cold-blooded and may be slowed by cold attacks.


Message History

A dart slug comes into view.
The shadow imp shouts!
You conjure some foxfire!
The dart slug launches a dart at you. The slug dart hits you.
The foxfire hits the ball python.
You kill the ball python!
The shadow imp shouts, "Leave, thou dissembling base-court jarkman!"
The foxfire hits the shadow imp.
The shadow imp is lightly wounded.
You conjure some foxfire!
The foxfire hits the shadow imp.
The shadow imp is moderately wounded.
The foxfire hits the shadow imp but does no damage.
The shadow imp is moderately wounded.
You conjure some foxfire!
The shadow imp hits you.
The foxfire hits the shadow imp but does no damage.
The shadow imp is moderately wounded.
The foxfire hits the shadow imp.
The shadow imp is severely wounded.
The shadow imp hits you. The shadow imp gestures at you.
Pain shoots through your body! The dart slug launches a dart at you.
The slug dart hits you.
You hit the dart slug but do no damage.
The shadow imp shouts, "Scamper home, thou goatish rude-growing flax-wench!"
The shadow imp gestures at you. Pain shoots through your body!
* * * LOW HITPOINT WARNING * * *
The dart slug misses you. The dart slug launches a dart at you.
The slug dart hits you but does no damage.
The shadow imp lashes its tail.
The shadow imp gestures at you.
You barely resist.
You are too injured to fight recklessly!
The shadow imp gestures at you. Pain shoots through your body!
You die...

.#.....>..........#..
......#.##..........## .
###.###.######.w##### #.
##.[.####.##
##.##.......#.########
##..#.........5#......#
##.#..)..^.....#......#
...#..................#
................@.....#
..##..................#
..............##......#
.............###.......#
.)...........# #.......#
.###..........##.......#
.# #..........##........
.# #..........##########
## #..........#


You could see a shadow imp.

Vanquished Creatures
  Jessica (D:2)
  An adder (D:3)
  A worm (D:2)
  A dart slug (D:2)
  2 orcs (D:3)
  6 ball pythons
  4 endoplasms
  2 giant cockroaches
  7 goblins
  5 hobgoblins
  4 jackals
  A quokka (D:2)
  2 frilled lizards (D:2)
  4 kobolds
  3 rats
44 creatures vanquished.

Vanquished Creatures (others)
  31 foxfires
31 creatures vanquished.

Grand Total: 75 creatures vanquished

Notes
Turn   | Place    | Note
-------+----------+-------------------------------------------
     0 | D:1      | Sebic the Draconian Fire Elementalist began the quest for
                  | the Orb.
     0 | D:1      | Reached XP level 1. HP: 14/14 MP: 3/3
   550 | D:1      | Reached XP level 2. HP: 12/20 MP: 5/5
   736 | D:1      | Found a faded altar of an unknown god.
  1091 | D:2      | Found Cetir's General Store.
  1232 | D:2      | Reached skill level 1 in Short Blades
  1714 | D:2      | Noticed Jessica
  1719 | D:2      | Killed Jessica
  1720 | D:2      | Reached XP level 3. HP: 18/27 MP: 4/6
  2441 | D:3      | Reached XP level 4. HP: 29/34 MP: 5/7
  2742 | D:3      | Killed from afar by a shadow imp

Illustrated notes

Levels and vault maps discovered:
D:1:      dpeg_arrival_stone_temple_mockup, layout_loops_ring,
          hellmonk_ecumenical_altar_arch_garden
D:2:      layout_loops_cross, serial_shops, nicolae_shop_waterfront,
          eino_tiny_chamber, minmay_tripent, uniq_jessica
D:3:      layout_rooms

Skill      XL: |  1  2  3  4 |
---------------+-------------+-----
Dodging        | 2 |  2.4
Short Blades   | 1 2 |  2.3
Stealth        | 2 |  2.0
Fighting       | |  0.9
Spellcasting   | |  2.3
Conjurations   | |  1.2
Fire Magic     | |  3.2

Action                   |  1- 3 |  4- 6 || total
-------------------------+-------+-------++-------
Melee: Short sword       |    89 |    30 ||   119
       Tailslap          |    14 |     1 ||    15
       Unarmed           |     4 |       ||     4
 Cast: Foxfire           |    20 |     8 ||    28
 Stab: Sleeping          |     6 |       ||     6
Armor: Skin              |    35 |    11 ||    46
Dodge: Dodged            |    57 |    17 ||    74
